 Dungeon Crawl Stone Soup version 0.27.1-4-g1640c2035a (webtiles) character file.

Game seed: 6702262191988749593

53 Gabide the Charlatan (level 4, 0/32 HPs)
             Began as a Human Artificer on Nov 4, 2021.
             Succumbed to an adder's poison
             ... on level 2 of the Dungeon.
             The game lasted 00:04:15 (1951 turns).

Gabide the Charlatan (Human Artificer)              Turns: 1951, Time: 00:04:16

Health: 0/32       AC:  6    Str: 12    XL:     4   Next: 11%
Magic:  4/4        EV: 10    Int: 11    God:
Gold:   50         SH:  0    Dex: 15    Spells: 3/3 levels left

rFire    + . .     SeeInvis .   h - +0 mace
rCold    + . .     Faith    .   (no shield)
rNeg     . . .     Spirit   .   j - +0 ring mail
rPois    +         Reflect  .   f - +0 helmet
rElec    +         Harm     .   (no cloak)
rCorr    +         Rampage  .   (no gloves)
Will     .....                  (no boots)
Stlth    +.........             (no amulet)
HPRegen  0.10/turn              b - ring of poison resistance
MPRegen  0.09/turn              (no ring)

@: lethally poisoned (0 -> -1), about to teleport, resistant
A: no striking features
a: no special abilities


You were on level 2 of the Dungeon.
You visited 1 branch of the dungeon, and saw 2 of its levels.

You collected 50 gold pieces.

Inventory:

Hand Weapons
 h - a +0 mace (weapon)
Armour
 f - a +0 helmet (worn)
 j - a +0 ring mail (worn)
Jewellery
 b - a ring of poison resistance (left hand)
Wands
 c - a wand of flame (9) (quivered)
 d - a wand of charming (15)
Scrolls
 a - a scroll of magic mapping
Miscellaneous
 e - a piece from Xom's chessboard (15/15)


   Skills:
 + Level 1.4 Fighting
 + Level 1.1 Maces & Flails
 + Level 2.6 Armour
 * Level 1.7 Dodging
 - Level 1.0 Stealth
 + Level 3.5 Evocations


You had 3 spell levels left.
You didn't know any spells.
Your spell library was empty.

Dungeon Overview and Level Annotations

Branches:
Dungeon (2/15)

Altars:


Message History

The adder bites you but does no damage. The adder bites you.
* * * LOW HITPOINT WARNING * * *
Aiming: Throw Flame
Press: ? - help, Q - select action, (/) - cycle Shift-Dir - straight line, f/p - adder
Aim: an adder (severely wounded, 53% to hit)
The puff of flame hits the adder.
The adder is almost dead.
* * * LOW HITPOINT WARNING * * *
You feel sick. The adder barely misses you.
Aiming: Throw Flame
Press: ? - help, Q - select action, (/) - cycle Shift-Dir - straight line, f/p - adder
Aim: an adder (almost dead, 53% to hit)
The puff of flame hits the adder.
You kill the adder!
* * * LOW HITPOINT WARNING * * *
You feel sick.
Your Maces & Flails skill increases to level 1!
You have reached level 4!
You feel agile.
* * * LOW HITPOINT WARNING * * *
You feel sick.
Things that are here:
a +0 club; an adder corpse
There is a lethal amount of poison in your body!
There is a lethal amount of poison in your body!
It was a potion of resistance.
You feel protected.
* * * LOW HITPOINT WARNING * * *
You feel sick.
There is a lethal amount of poison in your body!
As you read the scroll of teleportation, it crumbles to dust.
You feel strangely unstable.
* * * LOW HITPOINT WARNING * * *
You feel sick.
* * * LOW HITPOINT WARNING * * *
You feel sick.
Found a hunting sling.
* * * LOW HITPOINT WARNING * * *
You feel sick.
You die...

########## #........#
#.######.#############* *****
###'####..!..)..@.......* *,,,*
.......#.#$######.......* *,,,*
.......#.#.#,****.).....* *,,,*
.......#,#.#,,,,,....###*****,,,*
.......#,#.#,,,,,......,,,,,,,,,+
.......#,#.#*****#......*****,,,*
.......#,#..,,,,,,......,,,,',,,,
.......+,..,,,,,,,......,****,,,*
.......####*******,,,,,,,*,,,,***


There were no monsters in sight!

Vanquished Creatures
  2 adders (D:2)
  2 dart slugs (D:1)
  2 endoplasms (D:1)
  5 goblins
  3 hobgoblins
  4 quokkas
  3 ball pythons
  4 bats
  2 frilled lizards
  A kobold (D:2)
  2 rats
30 creatures vanquished.

Notes
Turn   | Place    | Note
-------+----------+-------------------------------------------
     0 | D:1      | Gabide the Human Artificer began the quest for the Orb.
     0 | D:1      | Reached XP level 1. HP: 15/15 MP: 1/1
   270 | D:1      | Reached XP level 2. HP: 21/21 MP: 2/2
   976 | D:1      | You fall into a shaft and drop 1 floor!
   985 | D:2      | Reached XP level 3. HP: 19/26 MP: 3/3
  1790 | D:2      | Found a faded altar of an unknown god.
  1946 | D:2      | Reached skill level 1 in Maces & Flails
  1946 | D:2      | Reached XP level 4. HP: 5/32 MP: 4/4
  1949 | D:2      | HP: 1/32 [poisoned by an adder]
  1951 | D:2      | Succumbed to an adder's poison

Illustrated notes

Levels and vault maps discovered:
D:1:      saegor_arrival_simple_d, layout_loops_ring, chequers_big_river
D:2:      layout_basic, ebering_ecumenical_altar_abandoned, grunt_ministairs_6

Skill      XL: |  1  2  3 |
---------------+----------+-----
Maces & Flails | 1 |  1.1
Fighting       | |  1.4
Armour         | |  2.6
Dodging        | |  1.7
Stealth        | |  1.0
Evocations     | |  3.5

Action                   |  1- 3 |  4- 6 || total
-------------------------+-------+-------++-------
Melee: Club              |    36 |       ||    36
       Mace              |    71 |       ||    71
Evoke: Wand              |     6 |       ||     6
  Use: Scroll            |     3 |     1 ||     4
       Potion            |       |     1 ||     1
 Stab: Sleeping          |     2 |       ||     2
Armor: Leather armour    |    39 |       ||    39
       Ring mail         |     7 |       ||     7
Dodge: Dodged            |    68 |       ||    68
